Map: Acid Plant LE

Players

ShoWTimE - Winner!

  • Race: Protoss Protoss
  • Spawn Location: 11:00

Crow

  • Race: Zerg Zerg
  • Spawn Location: 5:00

Event: WCS Valencia 2018

VOD

Have the link to the VOD?

Description

Time

  • Played on: July 12, 2018, 6:22 a.m.
  • Length: 11:20

All games in this series

Show
View Real Time Build Order
Export as new Build Order

ShoWTimE Protoss - Winner!

Build Orders: 1 Gate Expand, Oracle Opening, Phoenix Opening, Zealot Archon, Archon Drop 

Get SALT Encoding   

  12  0:00  Probe  
  13  0:12  Probe  
  14  0:18  Pylon  
  14  0:24  Probe  
  15  0:33  Probe  
  15  0:41  Probe  
  16  0:42  Gateway  
  16  0:46  Assimilator  
  17  0:51  Probe  
  18  1:03  Probe  
  19  1:15  Probe  
  20  1:24  Nexus  
  20  1:36  Cybernetics Core  
  20  1:37  Probe  
  21  1:44  Assimilator  
  21  1:50  Probe  
  21  1:53  Pylon  
  22  2:02  Probe  
  22  2:03  Adept  
  23  2:14  Probe  
  26  2:16  Stargate  
  26  2:25  Warp Gate  
  26  2:26  Probe  
  26  2:29  Adept  
  27  2:32  Probe  
  30  2:38  Probe  
  30  2:40  Probe  
  31  2:50  Probe x2  
  33  2:54  Phoenix  
  34  3:00  Adept  
  34  3:02  Probe  
  34  3:04  Probe  
  40  3:09  Oracle  
  40  3:11  Pylon  
  40  3:14  Probe  
  40  3:17  Probe  
  42  3:26  Probe  
  42  3:27  Assimilator  
  46  3:30  Assimilator  
  46  3:31  Probe  
  47  3:38  Probe  
  47  3:40  Gateway  
  48  3:43  Probe  
  48  3:48  Robotics Facility  
  49  3:52  Probe x2  
  50  3:55  Pylon  
  51  4:02  Probe  
  51  4:04  Probe  
  51  4:05  Twilight Council  
  53  4:15  Probe  
  53  4:16  Probe  
  55  4:20  Gateway  
  55  4:22  Gateway  
  55  4:26  Warp Prism  
  55  4:27  Probe  
  58  4:38  Zealot  
  58  4:40  Pylon  
  58  4:43  Templar Archives  
  60  4:58  Pylon  
  60  5:00  Nexus  
  60  5:02  Observer  
  61  5:09  Probe x2  
  63  5:15  Pylon  
  63  5:17  Shield Battery  
  63  5:22  High Templar x4  
  63  5:23  Probe x2  
  63  5:26  Archon  
  63  5:27  Archon  
  73  5:35  Probe  
  73  5:36  Probe  
  73  5:37  Forge  
  73  5:40  Charge  
  73  5:41  Protoss Ground Weapons Level 1  
  73  5:42  Pylon  
  75  5:48  Probe x2  
  77  5:57  Gateway  
  77  6:00  Probe x2  
  77  6:01  Gateway  
  77  6:02  Gateway  
  79  6:05  Gateway  
  79  6:11  Probe  
  79  6:12  Probe x2  
  79  6:15  Zealot x2  
  86  6:21  Zealot x2  
  86  6:23  Probe  
  86  6:24  Probe  
  92  6:27  Pylon, Probe  
  92  6:32  Pylon  
  93  6:36  Probe x2  
  93  6:38  High Templar x2  
  93  6:39  Probe  
  100  6:44  High Templar x2  
  100  6:45  Archon  
  104  6:47  Pylon  
  104  6:48  Probe x2  
  104  6:49  Archon  
  104  6:54  Photon Cannon  
  106  6:55  Assimilator  
  106  7:01  Assimilator  
  106  7:02  Gateway  
  106  7:05  Zealot x2, High Templar x2  
  106  7:06  Gateway  
  114  7:10  Pylon  
  114  7:11  Zealot x2, Archon  
  118  7:17  Pylon  
  118  7:19  Pylon  
  118  7:25  Protoss Ground Weapons Level 2  
  118  7:30  Zealot x4  
  118  7:34  Psionic Storm  
  118  7:47  Zealot  
  118  7:48  Zealot x3  
  122  8:01  High Templar  
  122  8:02  High Templar x2  
  128  8:06  High Templar  
  128  8:09  Zealot x5  
  128  8:11  Nexus  
  140  8:13  Pylon  
  140  8:14  Pylon  
  140  8:17  Zealot  
  142  8:23  Pylon  
  142  8:29  Immortal  
  142  8:32  Zealot x5  
  156  8:35  High Templar x2  
  158  8:44  Shield Battery  
  158  8:45  Shield Battery  
  158  8:47  Shield Battery  
  144  8:49  Shield Battery  
  144  8:52  High Templar x2  
  148  8:57  Photon Cannon  
  148  8:58  Photon Cannon  
  148  8:59  Archon  
  148  9:02  Probe x3  
  151  9:04  Assimilator  
  151  9:08  Assimilator  
  151  9:11  Fleet Beacon  
  151  9:14  Probe  
  150  9:18  Stargate  
  150  9:22  Immortal  
  150  9:25  Shield Battery  
  150  9:27  Photon Cannon  
  148  9:42  Pylon  
  148  9:43  Shield Battery, High Templar  
  148  9:44  Zealot x3, Pylon  
  156  9:52  Photon Cannon  
  156  9:56  High Templar x4  
  164  10:00  Immortal, Archon x2  
  164  10:05  Zealot x4  
  172  10:30  Zealot x3  
  172  10:31  Zealot x2  
  179  10:44  Zealot x5  
  177  10:52  Zealot x3  
  177  11:04  Nexus  
  177  11:11  Pylon  
  177  11:13  Pylon  
Show
View Real Time Build Order
Export as new Build Order

Crow Zerg 

Build Orders: Hatch First 

Get SALT Encoding   

  12  0:00  Drone  
  13  0:12  Overlord  
  13  0:17  Drone  
  14  0:31  Drone x2  
  16  0:48  Hatchery  
  15  0:51  Drone  
  15  0:56  Drone  
  17  1:04  Drone  
  18  1:11  Extractor  
  18  1:14  Spawning Pool  
  18  1:18  Drone  
  17  1:21  Drone  
  18  1:28  Drone  
  19  1:40  Drone  
  20  1:52  Hatchery  
  19  1:54  Drone  
  20  2:04  Queen  
  20  2:08  Drone  
  23  2:11  Drone  
  24  2:18  Metabolic Boost  
  24  2:21  Drone  
  25  2:24  Drone  
  26  2:32  Overlord, Zergling x2  
  26  2:34  Zergling x2  
  28  2:49  Queen  
  30  2:52  Drone x3  
  30  2:57  Drone  
  34  2:59  Zergling x2  
  34  3:04  Queen, Drone x2  
  39  3:09  Overlord  
  39  3:14  Drone x2  
  39  3:19  Overlord  
  41  3:22  Zergling x2  
  41  3:24  Overlord  
  42  3:29  Zergling x4  
  42  3:32  Drone  
  42  3:34  Queen  
  44  3:38  Drone x2  
  44  3:39  Drone  
  49  3:44  Drone  
  49  3:45  Evolution Chamber  
  49  3:48  Overlord  
  49  3:53  Drone x2  
  51  4:01  Drone x2  
  51  4:02  Zergling x2  
  52  4:05  Drone x3  
  55  4:13  Zerg Melee Weapons Level 1, Spore Crawler  
  55  4:16  Spore Crawler x2  
  52  4:18  Drone x5  
  52  4:20  Overlord  
  57  4:29  Overlord  
  57  4:32  Extractor  
  57  4:33  Drone  
  57  4:34  Extractor  
  57  4:35  Overlord x2  
  56  4:40  Drone  
  56  4:41  Drone x4  
  56  4:44  Queen  
  63  4:50  Overlord, Queen  
  65  4:54  Drone x3  
  69  5:00  Zergling x6  
  69  5:06  Zergling x4  
  72  5:08  Lair  
  72  5:12  Spine Crawler  
  72  5:13  Drone x4  
  75  5:14  Zergling x2  
  75  5:17  Zergling x2  
  77  5:22  Zergling x8  
  77  5:28  Overlord  
  80  5:33  Zergling x4  
  82  5:37  Overlord  
  82  5:40  Zergling x6  
  85  5:44  Baneling Nest  
  85  5:45  Zergling x6  
  84  5:52  Zergling x6  
  84  5:55  Overlord  
  84  5:56  Drone  
  82  6:02  Zergling x6  
  82  6:03  Zergling x2  
  86  6:08  Zerg Melee Weapons Level 2  
  86  6:10  Hydralisk Den, Hatchery  
  84  6:12  Drone x3  
  87  6:20  Drone x5  
  87  6:24  Overlord  
  92  6:34  Zergling x2  
  92  6:35  Zergling x8  
  92  6:36  Queen  
  99  6:41  Hatchery  
  99  6:43  Overlord  
  99  6:46  Overlord  
  98  6:48  Drone x5  
  98  6:50  Extractor  
  98  6:51  Centrifical Hooks, Grooved Spines  
  98  6:52  Extractor  
  101  6:58  Overlord  
  101  7:01  Drone x2  
  101  7:04  Hydralisk  
  101  7:05  Hydralisk x4  
  112  7:09  Baneling x4  
  112  7:10  Baneling x4  
  112  7:15  Zergling x10  
  117  7:20  Baneling  
  117  7:21  Baneling x3  
  117  7:23  Hydralisk  
  117  7:24  Zergling x4  
  121  7:32  Zergling x8  
  117  7:37  Hydralisk x2  
  117  7:41  Hydralisk  
  117  7:43  Queen x2  
  117  7:44  Queen  
  114  7:48  Hydralisk x2  
  114  7:49  Zergling x4  
  120  7:51  Overseer  
  120  7:53  Zergling x4  
  121  8:03  Muscular Augments, Zergling x2  
  121  8:04  Zergling x8  
  126  8:11  Hydralisk x2  
  130  8:14  Hydralisk  
  130  8:16  Hydralisk  
  134  8:21  Hydralisk  
  134  8:26  Overlord  
  136  8:30  Zergling x8  
  140  8:34  Baneling x2  
  140  8:35  Baneling x4  
  137  8:42  Zergling x8  
  136  8:49  Drone x3  
  136  8:50  Zergling x2, Drone x2  
  136  8:53  Baneling x13  
  136  8:54  Baneling x3  
  142  8:56  Overlord  
  142  8:57  Overlord  
  142  8:58  Zergling x6  
  142  9:02  Zergling x2  
  146  9:04  Zergling x2  
  146  9:13  Baneling x3  
  146  9:14  Baneling x8  
  146  9:23  Zergling x16  
  153  9:28  Zergling x6  
  155  9:32  Zergling x2  
  155  9:33  Zergling x2  
  155  9:35  Zergling x2  
  155  9:36  Zergling x12  
  163  9:40  Zergling x2  
  163  9:45  Zergling x4  
  166  9:46  Infestation Pit  
  166  9:47  Extractor  
  166  9:52  Baneling x3  
  164  9:53  Baneling x15  
  164  9:54  Zergling x12  
  170  10:01  Overlord  
  170  10:02  Overlord  
  170  10:07  Spine Crawler  
  170  10:09  Spine Crawler x2, Spore Crawler  
  170  10:13  Zergling x14  
  173  10:14  Extractor  
  173  10:19  Extractor  
  173  10:20  Zergling x2  
  173  10:21  Zergling x10  
  162  10:30  Zergling x6  
  151  10:38  Zergling x2  
  151  10:39  Zergling x8  
  128  10:49  Spire  
  108  10:50  Drone  
  108  10:51  Drone x6  
  97  11:01  Overlord  
  97  11:02  Drone  
  97  11:03  Zergling x8  
  93  11:04  Baneling x7  
  93  11:05  Extractor  
  93  11:06  Baneling  
Tags
 
Add a new tag
Caveats
  • Supply blocks, unpowered buildings, or Contaminate may cause inaccurate times.
  • Supply counts are checked every 10 seconds.